 Dungeon Crawl Stone Soup version 0.30.0-3-ga4e48a9924 (webtiles) character file.

Game seed: 7372401955134370651

170 adizb the Sneak (level 5, -1/37 HPs)
             Began as an Octopode Monk on May 7, 2023.
             Slain by a gnoll
             ... wielding a +0 club
              (10 damage)
             ... on level 3 of the Dungeon.
             The game lasted 00:09:32 (1746 turns).

adizb the Sneak (Octopode Monk)                     Turns: 1746, Time: 00:09:32

Health: -1/37      AC:  1    Str: 10    XL:     5   Next: 50%
Magic:  5/5        EV: 12    Int: 12    God:
Gold:   52         SH:  7    Dex: 17    Spells: 4/4 levels left

rFire   . . .        p - +3 dagger
rCold   . . .        i - +0 kite shield
rNeg    . . .        (helmet restricted)
rPois   .            o - amulet of regeneration
rElec   .            (no ring)
rCorr   .            (no ring)
SInv    .            (no ring)
Will    .....        (no ring)
Stlth   ++++         (no ring)
HPRegen 1.06/turn    (no ring)
MPRegen 0.09/turn    (no ring)
                     (no ring)

%: no passive effects
@: no status effects
A: almost no armour, amphibious, 8 rings, camouflage 1, gelatinous body 1,
(nimble swimmer 1), tentacles
a: no special abilities


You were on level 3 of the Dungeon.
You visited 1 branch of the dungeon, and saw 4 of its levels.

You collected 52 gold pieces.

Inventory:

Hand Weapons
 g - a +0 dagger of freezing
 p - a +3 dagger (weapon)
Armour
 c - an orb of light
 i - a +0 kite shield (worn)
Jewellery
 o - an amulet of regeneration (around mantle)
Scrolls
 d - a scroll of enchant weapon {unknown}
 f - a scroll of poison {unknown}
 h - a scroll of fear {unknown}
 l - a scroll of vulnerability
 n - a scroll of silence
 s - a scroll of fog {unknown}
 u - a scroll of amnesia {unknown}
Potions
 a - 3 potions of invisibility {unknown}
 b - a potion of ambrosia
 e - a potion of lignification
 j - a potion of might {unknown}
 k - a potion of brilliance
 m - a potion of mutation {unknown}
 q - a potion of attraction {unknown}
 r - a potion of cancellation {unknown}
 t - a potion of haste {unknown}


   Skills:
 + Level 3.7 Fighting
 + Level 3.8 Short Blades
 + Level 3.7 Dodging
 * Level 4.3 Stealth
 + Level 0.2 Shields


You had 4 spell levels left.
You didn't know any spells.
Your spell library was empty.

Dungeon Overview and Level Annotations

Branches:
Dungeon (4/15)
 Temple: D:4-7

Altars:
Xom
Zin
The Shining One

Shops:
D:1 :


Innate Abilities, Weirdness & Mutations

You cannot wear most types of armour.
You are amphibious.
You can wear up to eight rings at the same time.
Your skin changes colour to match your surroundings (Stealth+).
Your rubbery body absorbs attacks. (AC +1, EV +1)
((You are camouflaged when in or above water. (Stealth+)))
You have tentacles for arms and can constrict up to eight enemies at once.


Message History

A gnoll comes into view. It is wielding a +0 club. x2
There is an escape hatch in the ceiling here.
A gnoll comes into view. It is wielding a +0 spear.
The gnoll barely misses you.
You barely miss the gnoll.
The gnoll shouts! x3
You grab the gnoll.
You squeeze the gnoll, but do no damage.
You constrict the gnoll, but do no damage.
The gnoll hits you from afar with a +0 spear.
The gnoll struggles to escape constriction.
You hit the gnoll. You squeeze the gnoll!
The gnoll is almost dead.
You constrict the gnoll.
You kill the gnoll!
The gnoll throws a throwing net.
You block the throwing net. You block the gnoll's attack.
You block the gnoll's attack. The gnoll barely misses you.
You block the gnoll's attack.
You see here a +0 halberd.
You hit the gnoll. You grab the gnoll.
The gnoll is lightly wounded.
You constrict the gnoll, but do no damage.
The gnoll hits you with a +0 club. You block the gnoll's attack.
The gnoll hits you with a +0 club!
You hit the gnoll. Your grab misses the gnoll.
The gnoll is lightly wounded.
You constrict the gnoll. You block the gnoll's attack.
The gnoll closely misses you. The gnoll hits you with a +0 club!
You barely miss the gnoll.
The gnoll is moderately wounded.
You constrict the gnoll. The gnoll hits you with a +0 club.
The gnoll barely misses you. The gnoll hits you with a +0 club!
* * * LOW HITPOINT WARNING * * *
Okay, then.
Okay, then.
You release your grip on the gnoll.
The gnoll attacks as you move away! You block the gnoll's attack.
The gnoll attacks as you move away! The gnoll hits you with a +0 club!
You die...

# # ############
#..........#
#....g.....#####
#....g@(...<...#
#....g.....###.####
#..........#
#....###
#...!......#
####...###
##########.##
###......
#..###...#####
##.....### #.>####
####


You could see 3 gnolls.

Vanquished Creatures
  A jelly (D:4)
  5 gnolls
  An adder (D:3)
  3 dart slugs
  5 orcs (D:3)
  5 ball pythons
  6 endoplasms
  A giant cockroach (D:1)
  8 goblins
  5 hobgoblins
  9 jackals
  4 kobolds
  3 quokkas
  4 bats
  3 frilled lizards
  7 rats
70 creatures vanquished.

Notes
Turn   | Place    | Note
-------+----------+-------------------------------------------
     0 | D:1      | adizb the Octopode Monk began the quest for the Orb.
     0 | D:1      | Reached XP level 1. HP: 16/16 MP: 1/1
   126 | D:1      | Reached skill level 1 in Stealth
   141 | D:1      | Reached XP level 2. HP: 15/21 MP: 2/2
   323 | D:1      | Reached skill level 2 in Stealth
   352 | D:1      | Reached XP level 3. HP: 26/26 MP: 3/3
   451 | D:1      | Found Cukehuig's Vocational Training.
   704 | D:2      | Reached skill level 3 in Stealth
   704 | D:2      | Reached XP level 4. HP: 31/31 MP: 4/4
   868 | D:2      | You fall into a shaft and drop 2 floors!
   868 | D:4      | Found a glowing golden altar of the Shining One.
   872 | D:4      | Noticed a scorpion
   975 | D:4      | Reached XP level 5. HP: 36/36 MP: 5/5
  1034 | D:3      | Reached skill level 4 in Stealth
  1162 | D:3      | Found a glowing silver altar of Zin.
  1348 | D:2      | Found a shimmering altar of Xom.
  1746 | D:3      | Slain by a gnoll

Illustrated notes

Levels and vault maps discovered:
D:1:      mushboom_english_gardens, layout_basic, nicolae_shop_vocational
D:2:      minmay_diamond_boxcup, layout_loops_corners, basic_altar
D:3:      layout_rooms, zin_statuary, overflow_temple_1_default, serial_shops,
          shop
D:4:      layout_basic, mainiacjoe_overflow_alcove_2

Skill      XL: |  1  2  3  4  5 |
---------------+----------------+-----
Stealth        | 1 2 3 4 |  4.3
Fighting       | |  3.7
Short Blades   | |  3.8
Dodging        | |  3.7
Shields        | |  0.2

Action                     |  1- 3 |  4- 6 || total
---------------------------+-------+-------++-------
  Melee: Short sword       |    27 |       ||    27
         Constrict         |    19 |    19 ||    38
         Tentacles         |    14 |    18 ||    32
         Dagger            |    33 |    78 ||   111
         Punch             |     1 |     1 ||     2
    Use: Scroll            |       |     4 ||     4
   Stab: Sleeping          |     2 |    13 ||    15
         Distracted        |     2 |     1 ||     3
 Armour: Skin              |     9 |       ||     9
  Dodge: Dodged            |    29 |    38 ||    67
  Block: Kite shield       |       |    11 ||    11
